 Dungeon Crawl Stone Soup version 0.18-a0-1238-g8adb878 (webtiles) character file.

67 RedPan the Sneak (level 3, -6/24 HPs)
             Began as a Vampire Enchanter on Feb 5, 2016.
             Mangled by a gnoll
             ... wielding a +0 halberd
              (10 damage)
             ... on level 2 of the Dungeon.
             The game lasted 00:04:12 (1930 turns).

RedPan the Sneak (Vampire Enchanter)                Turns: 1930, Time: 00:04:12

Health: -6/24      AC:  3    Str:  8    XL:     3   Next: 98%
Magic:  0/6        EV: 12    Int: 17    God:
Gold:   70         SH:  0    Dex: 14    Spells: 2 memorised, 3 levels left

rFire  . . .     SeeInvis +     a - +1 dagger
rCold  + . .     Gourm    .     b - +1 robe
rNeg   + + .     Faith    .     (no shield)
rPois  +         Spirit   .     (no helmet)
rElec  .         Dismiss  .     (no cloak)
rCorr  .         Reflect  .     (no gloves)
SustAt .         Harm     .     (no boots)
MR     .....                    (no amulet)
Stlth  ++++......               (no ring)
                                (no ring)

@: regenerating slowly, not resistant to hostile enchantments, stealthy
A: fangs 3, see invisible, unbreathing
a: Bat Form


You were on level 2 of the Dungeon.
You were very thirsty.

You visited 1 branch of the dungeon, and saw 2 of its levels.

You collected 70 gold pieces.

Inventory:

Hand Weapons
 a - a +1 dagger (weapon)
Armour
 b - a +1 robe (worn)
Jewellery
 i - a -3 ring of strength
Scrolls
 g - 2 scrolls of identify {unknown}
 j - a scroll of remove curse
Potions
 d - 10 potions of blood
 e - a potion of magic {unknown}
 f - 2 potions of flight {unknown}
 h - a potion of lignification {unknown}
 k - a potion of brilliance {unknown}
 l - a potion of mutation {unknown}
 m - a potion of poison {unknown}
 n - a potion of agility {unknown}
Books
 c - a book of Maledictions

   Spells                             Type                      Level
   a - Corona                         Hexes                        1
   b - Ensorcelled Hibernation        Hexes/Ice                    2
   c - Confuse                        Hexes                        3
   d - Tukima's Dance                 Hexes                        3
   e - Dazzling Spray                 Conjuration/Hexes            3


   Skills:
 + Level 3.1 Short Blades
 - Level 2.1 Dodging
 + Level 6.1 Stealth
 - Level 2.0 Spellcasting
 - Level 4.4 Hexes


You had 3 spell levels left.
You knew the following spells:

 Your Spells              Type           Power        Failure   Level  Hunger
a - Corona                Hex            ###....      3%          1    #......
b - Ensorcelled Hibernat  Hex/Ice        #.....       14%         2    ###....


Dungeon Overview and Level Annotations

Branches:
Dungeon (2/15)

Altars:


Innate Abilities, Weirdness & Mutations

You heal slowly.
You have razor-sharp teeth.
You have supernaturally acute eyesight.
You can survive without breathing.


Message History

The gnoll is moderately wounded.
The gnoll misses you.
You hit the gnoll. You bite the gnoll, but do no damage.
The gnoll is moderately wounded.
The gnoll hits you with a halberd!
You hit the gnoll. You bite the gnoll, but do no damage.
The gnoll is heavily wounded.
You closely miss the gnoll.
The gnoll is heavily wounded.
The gnoll closely misses you.
You hit the gnoll but do no damage.
The gnoll is heavily wounded.
The gnoll hits you with a halberd.
* * * LOW HITPOINT WARNING * * *
Your magical contamination has completely faded away.
You are too injured to fight recklessly!
You hit the gnoll.
The gnoll is almost dead.
The gnoll hits you with a halberd!
You die...

....(.....# ...
..........# ..
..........######.#
..........##.....#
.........##.....#
..........#.....#
..........#.....#
..........#.....#
#########@......#
##g.....# #......#
##.###.# #..##.#
##.##.# #.##.#
#.##.# #.##.#


You could see a gnoll.

Vanquished Creatures
  Natasha (D:2)
  2 adders (D:2)
  A giant cockroach (D:2)
  3 goblins
  3 hobgoblins
  2 jackals (D:1)
  A quokka (D:2)
  6 bats
  A giant newt (D:1)
  3 kobolds
  2 rats
25 creatures vanquished.

Notes
Turn   | Place    | Note
--------------------------------------------------------------
     0 | D:1      | RedPan the Vampire Enchanter began the quest for the Orb.
     0 | D:1      | Reached XP level 1. HP: 13/13 MP: 3/3
   872 | D:1      | Reached XP level 2. HP: 10/19 MP: 5/5
  1017 | D:2      | Reached skill level 5 in Stealth
  1036 | D:2      | Learned a level 2 spell: Ensorcelled Hibernation
  1346 | D:2      | Found a faded altar to an unknown god.
  1373 | D:2      | Reached XP level 3. HP: 18/24 MP: 3/6
  1560 | D:2      | Noticed Natasha
  1569 | D:2      | Killed Natasha
  1569 | D:2      | Reached skill level 6 in Stealth
  1930 | D:2      | Mangled by a gnoll

Vault maps used:
D:1:      lemuel_arrival_lava_pool
D:2:      ecumenical_altar_2, uniq_natasha, uniq_sigmund

Action                   || total
-------------------------++-------
Melee: Dagger            ||    92
 Cast: Ensorcelled Hiber ||     6
  Use: Scroll            ||     1
       Potion            ||     1
 Stab: Sleeping          ||     7
